[Event "Team 45 45 League T65"]
[Site "Internet Chess Club"]
[Date "2015.07.11"]
[Round "6"]
[White "TINAyoufatlard"]
[Black "Mitochondria"]
[Result "1-0"]
[WhiteElo "1899"]
[BlackElo "1486"]
[Opening "English: symmetrical, Botvinnik system"]
[ECO "A36"]
[Time "15:02:50"]
[TimeControl "2700+45"]

1. c4 c5 2. Nc3 Nc6 3. g3 g6 4. Bg2 Bg7 5. e4 d6 6. Nge2 Nf6 7. O-O O-O 8. d3
Rb8 9. a3 a5 10. b3 Bd7 11. Bb2 Ne8 12. Qd2 Nc7 13. a4 Ne6 14. Nb5 Bxb2 15. Qxb2
Ne5 16. Qd2 Bxb5 17. axb5 b6 18. f4 Nd7 19. Bh3 Ng7 20. d4 f5 21. e5 Ne6 22. d5
Ng7 23. e6 Nf6 24. Bg2 Ra8 25. Nc3 Qc7 26. Rfe1 h6 27. Bf3 a4 28. Nxa4 Ra5 29.
Ra2 Rfa8 30. Rea1 R8a7 31. h3 Kf8 32. g4 Qd8 33. Qg2 Rb7 34. g5 hxg5 35. Qxg5
Qe8 36. Qh6 Kg8 37. Rg2 Rba7 38. Rxg6 Qf8 39. Ra2 Ne4 40. Rag2 {Black resigns}
1-0

[Event "Team 45 45 League T65"]
[Site "Internet Chess Club"]
[Date "2015.07.14"]
[Round "6"]
[White "AlPearson"]
[Black "skuhl99"]
[Result "1-0"]
[WhiteElo "1443"]
[BlackElo "1462"]
[Opening "Benkö gambit"]
[ECO "A57"]
[Time "07:02:30"]
[TimeControl "2700+45"]

1. d4 Nf6 2. c4 c5 3. d5 b5 4. b3 b4 5. Nd2 g6 6. Bb2 Bg7 7. e4 d6 8. Bd3 O-O 9.
Ne2 e6 10. O-O exd5 11. exd5 Re8 12. f4 Ng4 13. Qb1 Ne3 14. Re1 Bf5 15. Bxg7
Kxg7 16. Bxf5 Nxf5 17. g4 Nh6 18. h3 Re3 19. Kg2 Qh4 20. Ng1 Qg3+ 21. Kh1 Rxe1
22. Qxe1 Qxf4 23. Ndf3 Ng8 24. Qe8 Qf6 25. Re1 a5 26. Qc8 {Black resigns} 1-0

[Event "Team 45 45 League T65"]
[Site "Internet Chess Club"]
[Date "2015.07.11"]
[Round "6"]
[White "mkoga"]
[Black "chuckh2"]
[Result "1-0"]
[WhiteElo "1429"]
[BlackElo "1426"]
[Opening "French defense"]
[ECO "C00"]
[Time "14:00:52"]
[TimeControl "2700+45"]

1. e4 e6 2. Nf3 d5 3. exd5 exd5 4. d4 Be7 5. Be2 Nf6 6. h3 O-O 7. O-O Be6 8. Be3
Nbd7 9. b3 Rc8 10. c4 dxc4 11. bxc4 Nb6 12. Nbd2 c6 13. a4 a5 14. Qb1 Bb4 15.
Rd1 Qe7 16. d5 Bd7 17. Bxb6 cxd5 18. c5 Qxe2 19. Nb3 Qa6 20. Nbd4 Ne4 21. Nb5
Bxb5 22. axb5 Qxb5 23. Rxd5 Qc4 24. Rd4 Qe6 25. Rxe4 Qc6 26. Nd4 Qd5 27. Rh4 h6
28. Nf5 Qe6 29. Qe4 Bxc5 30. Qxe6 fxe6 31. Bxc5 Rxc5 32. Ne3 Ra8 33. Rha4 b6 34.
Nc4 Rc6 35. Ne5 Rc5 36. Nd7 Rf5 37. Nxb6 Rb8 38. Nc4 Rbb5 39. Nd6 Rb4 40. Nxf5
exf5 41. Rxb4 axb4 42. Rb1 Kf7 43. Rxb4 Kf6 44. f4 g5 45. g3 Kg6 46. g4 fxg4 47.
hxg4 gxf4 48. Rxf4 Kg5 49. Ra4 Kg6 50. Kg2 Kg5 51. Kg3 h5 52. Ra5+ Kg6 53. gxh5+
Kh6 54. Kg4 Kg7 55. Kg5 {Black resigns} 1-0

[Event "Team 45 45 League T65"]
[Site "Internet Chess Club"]
[Date "2015.07.14"]
[Round "6"]
[White "Zyme"]
[Black "chips"]
[Result "1-0"]
[WhiteElo "1364"]
[BlackElo "1176"]
[Opening "Queen's pawn: English defense"]
[ECO "A40"]
[Time "06:00:16"]
[TimeControl "2700+45"]

1. d4 b6 2. c4 Bb7 3. Nc3 d5 4. cxd5 Bxd5 5. Nxd5 Qxd5 6. Nf3 c5 7. Qa4+ Qc6 8.
Qxc6+ Nxc6 9. dxc5 bxc5 10. e3 a6 11. g3 Nb4 12. Ke2 e6 13. Bg2 Ra7 14. Rd1 Nf6
15. Bd2 Be7 16. Ne5 O-O 17. a3 Bd6 18. Bc3 Bxe5 19. Bxe5 Nbd5 20. Rac1 Ng4 21.
Bd6 Rc8 22. Bxd5 exd5 23. Rxd5 Nxh2 24. Bxc5 Rac7 25. Rc3 Ng4 26. Rcd3 h6 27.
Rd8+ Kh7 28. Rxc8 Rxc8 29. Bb4 Rc2+ 30. Rd2 Rxd2+ 31. Bxd2 Ne5 32. Bc3 Nc6 33.
Kd3 Kg6 34. Kc4 Kf5 35. Kc5 Nb8 36. Kb6 Ke4 37. Kb7 Nd7 38. Bxg7 h5 39. Kxa6
Nc5+ 40. Kb5 Nd3 41. b4 Nxf2 42. Bh6 Ng4 43. Bf4 Nxe3 44. Bxe3 Kxe3 45. a4 Kf3
46. a5 Kxg3 47. a6 h4 48. a7 h3 49. a8=Q h2 50. Qh1 f5 51. Kc4 f4 52. Kd3 f3 53.
Ke3 {Black resigns} 1-0

[Event "Team 45 45 League T65"]
[Site "Internet Chess Club"]
[Date "2015.07.14"]
[Round "6"]
[White "unclevinny"]
[Black "wildcat2023"]
[Result "1-0"]
[WhiteElo "1577"]
[BlackElo "1409"]
[Opening "Sicilian: Hungarian variation"]
[ECO "B27"]
[Time "16:00:36"]
[TimeControl "2700+45"]

1. e4 c5 2. Nf3 g6 3. c3 Bg7 4. d4 cxd4 5. cxd4 Nc6 6. Be3 d6 7. h3 Bd7 8. Bc4
e6 9. O-O Nge7 10. Nc3 Qc7 11. Qd2 O-O-O 12. Nb5 Qb8 13. d5 exd5 14. exd5 Ne5
15. Nxa7+ Kc7 16. Bb3 Rdf8 17. Qa5+ b6 18. Rac1+ Kd8 19. Bxb6+ Ke8 20. Bc7 Nxf3+
21. gxf3 Qa8 22. Ba4 Nxd5 23. Bxd7+ Kxd7 24. Qa4+ Ke7 25. Rfe1+ Kf6 26. Qd4+ Kg5
27. Qg4+ Kh6 28. Qh4# {Black checkmated} 1-0

[Event "Team 45 45 League T65"]
[Site "Internet Chess Club"]
[Date "2015.07.11"]
[Round "6"]
[White "Chaitanyaann"]
[Black "chesskix"]
[Result "1-0"]
[WhiteElo "1432"]
[BlackElo "1521"]
[Opening "Sicilian: Labourdonnais-Löwenthal (Kalashnikov) variation"]
[ECO "B32"]
[Time "20:02:20"]
[TimeControl "2700+45"]

1. e4 c5 2. Nf3 Nc6 3. d4 cxd4 4. Nxd4 e5 5. Nb5 d6 6. Be3 a6 7. N5c3 Nf6 8. Nd2
Be7 9. Bc4 O-O 10. f3 b5 11. Bb3 Nd4 12. Bxd4 exd4 13. Nd5 Nxd5 14. Bxd5 Rb8 15.
Nb3 Bf6 16. Nxd4 Bb7 17. Bxb7 Rxb7 18. c3 b4 19. O-O Qb6 20. Rb1 a5 21. Kh1 Qc7
22. Qd3 Rc8 23. cxb4 Bxd4 24. Qxd4 Rxb4 25. Qe3 Rc4 26. h3 Qe7 27. Rbc1 Rxc1 28.
Rxc1 Rxc1+ 29. Qxc1 g6 30. Qc8+ Kg7 31. Qc3+ Qf6 32. Qxf6+ Kxf6 33. Kg1 Ke5 34.
Kf2 Kd4 35. Ke2 Kc4 36. Ke3 Kb4 37. Kd3 a4 38. Kd4 f5 39. g4 fxe4 40. fxe4
{Black resigns} 1-0

[Event "Team 45 45 League T65"]
[Site "Internet Chess Club"]
[Date "2015.07.10"]
[Round "6"]
[White "kingsrook"]
[Black "ethan0627"]
[Result "1-0"]
[WhiteElo "1268"]
[BlackElo "1419"]
[Opening "QGD: Tarrasch, Prague variation, 9.Bg5"]
[ECO "D32"]
[Time "13:00:45"]
[TimeControl "2700+45"]

1. d4 d5 2. c4 c5 3. Nc3 e6 4. cxd5 exd5 5. Nf3 Nf6 6. g3 Be7 7. Bg2 O-O 8. O-O
Nc6 9. Bg5 Be6 10. dxc5 Bxc5 11. Bxf6 Qxf6 12. Nxd5 Qxb2 13. Nc7 Rad8 14. Qc1
Qxc1 15. Raxc1 Ba3 16. Nxe6 fxe6 17. Rc3 Be7 18. e3 Nb4 19. Rc7 Bd6 20. Rxb7 Rf7
21. Rxf7 Kxf7 22. Ng5+ Kg6 23. Nxe6 Rc8 24. Nf4+ Kf5 25. Bh3+ Kf6 26. Bxc8
{Black resigns} 1-0

[Event "Team 45 45 League T65"]
[Site "Internet Chess Club"]
[Date "2015.07.10"]
[Round "6"]
[White "Jiawen5"]
[Black "WzeroMN"]
[Result "0-1"]
[WhiteElo "1157"]
[BlackElo "1118"]
[Opening "Hungarian defense"]
[ECO "C50"]
[Time "15:31:48"]
[TimeControl "2700+45"]

1. e4 e5 2. Nf3 Nc6 3. Bc4 Be7 4. Nc3 Nf6 5. d3 O-O 6. Be3 d6 7. O-O h6 8. h3
Na5 9. Bb3 Nxb3 10. axb3 Re8 11. Qd2 b6 12. g3 a5 13. b4 Bb7 14. b3 axb4 15.
Rxa8 Bxa8 16. Nb5 d5 17. Nxe5 dxe4 18. dxe4 Qxd2 19. Bxd2 Bc5 20. Nxc7 Rxe5 21.
Nxa8 Rxe4 22. Re1 Rxe1+ 23. Bxe1 Ne4 24. Nc7 Nxg3 25. Kg2 Ne2 26. Kf1 Nd4 27.
Bd2 Nxc2 28. Nd5 Bd6 29. Nxb6 Nd4 30. Nc4 Nxb3 31. Be3 Bc5 32. Ke2 Bxe3 33. Kxe3
Nc5 34. Kd4 Na4 35. Kd3 b3 36. Kd2 b2 37. Kc2 Kf8 38. Nxb2 Nxb2 39. Kxb2 Ke7 40.
Kc3 Ke6 41. Kd4 Kf5 42. Kd5 g5 43. f3 Kf4 {White resigns} 0-1

[Event "Team 45 45 League T65"]
[Site "Internet Chess Club"]
[Date "2015.07.13"]
[Round "6"]
[White "bradleyguo175"]
[Black "ghostfire"]
[Result "1/2-1/2"]
[WhiteElo "1744"]
[BlackElo "1765"]
[Opening "QGD Slav: Dutch variation"]
[ECO "D18"]
[Time "20:00:27"]
[TimeControl "2700+45"]

1. d4 d5 2. c4 c6 3. Nf3 Nf6 4. Nc3 dxc4 5. a4 Bf5 6. e3 e6 7. Bxc4 Bb4 8. O-O
O-O 9. Qb3 Bxc3 10. bxc3 Qc7 11. Ba3 Rd8 12. Nh4 Be4 13. f3 Bd5 14. Bxd5 cxd5
15. f4 Ne4 16. Rfc1 Nc6 17. c4 Na5 18. Qd3 Nxc4 19. Nf3 Rac8 20. Qe2 Qa5 21. Be7
Re8 22. Bh4 a6 23. Be1 Qd8 24. Ne5 Nxe5 25. fxe5 Qd7 26. a5 Rxc1 27. Rxc1 Rc8
28. Rxc8+ Qxc8 29. Qb2 Kf8 30. h3 Ke8 31. Kh2 Qc6 32. Qb4 Qb5 33. Qxb5+ axb5 34.
Kg1 f6 35. exf6 gxf6 36. Kf1 Nd6 37. Ke2 Nc4 38. Kd3 Kd7 39. Bc3 Kc7 40. e4
dxe4+ 41. Kxe4 f5+ 42. Kf4 h6 43. g4 fxg4 44. Kxg4 Nd6 45. Bd2 Nf5 46. Kf4 Nxd4
47. Ke4 Nf5 48. Ke5 Kd7 49. Bb4 Ne7 50. Bd2 b4 51. Bxh6 b3 52. Bc1 Nc6+ 53. Ke4
Nxa5 54. Kd4 b5 55. Kc3 Nc4 56. Kxb3 e5 57. Kb4 Kc6 58. h4 Nd6 59. h5 Nf5 60. h6
Nxh6 {Game drawn by mutual agreement} 1/2-1/2

[Event "Team 45 45 League T65"]
[Site "Internet Chess Club"]
[Date "2015.07.10"]
[Round "6"]
[White "idjit"]
[Black "julesraider"]
[Result "1-0"]
[WhiteElo "1629"]
[BlackElo "1573"]
[Opening "Caro-Kann: exchange variation"]
[ECO "B13"]
[Time "17:01:04"]
[TimeControl "2700+45"]

1. e4 c6 2. d4 d5 3. exd5 cxd5 4. Bd3 Nf6 5. Nd2 Nc6 6. Ndf3 Bg4 7. h3 Bh5 8. c3
e6 9. Qc2 Be7 10. Bf4 Rc8 11. Ne2 a6 12. g4 Bg6 13. Bxg6 hxg6 14. Ng3 Ne4 15.
Nxe4 dxe4 16. Qxe4 Qd5 17. Qxd5 exd5 18. Kd2 Kd7 19. Rae1 Bd6 20. Bxd6 Kxd6 21.
Ne5 Rc7 22. h4 Re7 23. f4 Nd8 24. h5 gxh5 25. Rxh5 Rxh5 26. gxh5 Re6 27. Rg1 Rh6
28. Rxg7 Rxh5 29. Nxf7+ Nxf7 30. Rxf7 Rh2+ 31. Kc1 Rh1+ 32. Kc2 Rh2+ 33. Kb3 Kc6
34. f5 Rf2 35. f6 b5 36. Rf8 Kb6 37. f7 Kb7 38. a4 bxa4+ 39. Kxa4 Rf5 40. b3 Rf4
41. Kb4 Rf5 42. Kc5 Rf3 43. Kxd5 Rf5+ 44. Ke6 Rf3 45. Re8 Re3+ 46. Kd6 Rxc3 47.
f8=Q {Black resigns} 1-0

[Event "Team 45 45 League T65"]
[Site "Internet Chess Club"]
[Date "2015.07.13"]
[Round "6"]
[White "TwinsburgOHUSA"]
[Black "pokerram"]
[Result "1/2-1/2"]
[WhiteElo "1496"]
[BlackElo "1749"]
[Opening "Sicilian: Smith-Morra gambit"]
[ECO "B21"]
[Time "18:30:46"]
[TimeControl "2700+45"]

1. e4 c5 2. d4 cxd4 3. c3 dxc3 4. Nxc3 Nc6 5. Nf3 e6 6. Bc4 a6 7. O-O Bb4 8. e5
Bxc3 9. bxc3 Qc7 10. Qe2 b5 11. Bb3 Nge7 12. Ba3 Qa5 13. Bb2 Bb7 14. Rac1 O-O
15. Rfd1 Rfd8 16. c4 b4 17. Ng5 Ng6 18. Qh5 h6 19. Nxf7 Kxf7 20. Rd3 Nxe5 21.
Rg3 Be4 22. Re1 Nxc4 23. Qxa5 Nxa5 24. Rxe4 d5 25. Reg4 Nxb3 26. Rxg6 d4 27.
Rxg7+ Kf6 28. axb3 Rac8 29. R7g6+ Kf7 30. h4 Rc2 31. Bxd4 Rxd4 32. Rxh6 Rd1+ 33.
Kh2 Rxf2 34. Rg4 a5 35. Rh7+ Kf6 36. Ra7 Rb2 37. Rxa5 Rxb3 38. Rb5 Rdb1 39. h5
Rd3 {Game drawn by mutual agreement} 1/2-1/2

[Event "Team 45 45 League T65"]
[Site "Internet Chess Club"]
[Date "2015.07.09"]
[Round "6"]
[White "santiagoelawad"]
[Black "Schachteufel"]
[Result "1-0"]
[WhiteElo "2104"]
[BlackElo "1686"]
[Opening "King's Indian: fianchetto, Uhlmann (Szabo) variation"]
[ECO "A16"]
[Time "09:00:27"]
[TimeControl "2700+45"]

1. c4 Nf6 2. Nc3 g6 3. g3 Bg7 4. Bg2 O-O 5. Nf3 d6 6. O-O e5 7. d4 Nc6 8. dxe5
Nxe5 9. Nxe5 dxe5 10. Qxd8 Rxd8 11. Bg5 c6 12. Ne4 {Black resigns} 1-0

[Event "Team 45 45 League T65"]
[Site "Internet Chess Club"]
[Date "2015.07.12"]
[Round "6"]
[White "krysto"]
[Black "SilentKnight"]
[Result "0-1"]
[WhiteElo "1615"]
[BlackElo "1657"]
[Opening "Grünfeld: exchange, classical variation"]
[ECO "D87"]
[Time "11:12:41"]
[TimeControl "2700+45"]

1. d4 Nf6 2. c4 g6 3. Nc3 d5 4. cxd5 Nxd5 5. e4 Nxc3 6. bxc3 Bg7 7. Bc4 c5 8.
Ne2 Nc6 9. Be3 O-O 10. O-O Qc7 11. Bb3 Rd8 12. Rb1 Na5 13. Qd2 b6 14. Rfd1 Ba6
15. Qe1 Nc4 16. Bc1 Rac8 17. Kh1 Nd6 18. Nf4 cxd4 19. cxd4 Nb5 20. Nd5 Rxd5 21.
Bxd5 Nc3 22. Bb2 Nxb1 23. Rc1 Qf4 24. Rxc8+ Bxc8 25. Qxb1 Qxf2 26. e5 Bf5 27.
Qc1 Bh6 {White resigns} 0-1

[Event "Team 45 45 League T65"]
[Site "Internet Chess Club"]
[Date "2015.07.10"]
[Round "6"]
[White "jjaillet2007"]
[Black "portis2"]
[Result "0-1"]
[WhiteElo "1330"]
[BlackElo "1635"]
[Opening "Grünfeld: modern exchange variation"]
[ECO "D85"]
[Time "10:08:03"]
[TimeControl "2700+45"]

1. d4 Nf6 2. c4 g6 3. Nc3 d5 4. cxd5 Nxd5 5. e4 Nxc3 6. bxc3 Bg7 7. Nf3 c5 8.
Bb2 Qb6 9. Rb1 O-O 10. Ba1 Qa5 11. Qb3 cxd4 12. Qb4 Qxb4 13. Rxb4 Nc6 14. Rb1
dxc3 15. Rc1 Bg4 16. Be2 Bxf3 17. Bxf3 Nd4 18. Bd1 Rac8 19. Bc2 Bh6 20. O-O Bxc1
21. Rxc1 Ne2+ 22. Kf1 Nxc1 {White resigns} 0-1

[Event "Team 45 45 League T65"]
[Site "Internet Chess Club"]
[Date "2015.07.13"]
[Round "6"]
[White "Berke"]
[Black "Just-Jim"]
[Result "0-1"]
[WhiteElo "1489"]
[BlackElo "1380"]
[Opening "Philidor: López counter-gambit"]
[ECO "C41"]
[Time "13:00:18"]
[TimeControl "2700+45"]

1. e4 e5 2. Nf3 d6 3. Bc4 f5 4. d3 f4 5. Nc3 Nf6 6. Bd2 Be7 7. Ng5 d5 8. exd5
Nxd5 9. Nge4 Be6 10. Bxd5 Bxd5 11. Qh5+ Bf7 12. Qxe5 O-O 13. Bxf4 Nc6 14. Qxc7
Qxc7 15. Bxc7 Nd4 16. O-O-O Bh5 17. f3 Ne6 18. Bd6 Bxd6 19. Nxd6 b6 20. Rde1 Nf4
21. Rhg1 Be8 22. Nxe8 Rfxe8 23. g3 Ne6 24. Re3 Nd4 25. Rge1 Rxe3 26. Rxe3 Rf8
27. f4 a5 28. Re4 Nf5 29. Kd2 Nd6 30. Re6 Rd8 31. Ke2 Nf5 32. Rxb6 Nd4+ 33. Kd2
Re8 34. Ne4 Nf3+ 35. Ke3 Nxh2 36. Rb5 Ng4+ 37. Kf3 Nh2+ 38. Kg2 Ng4 39. Rxa5
Ne3+ 40. Kf3 Nxc2 41. Ra4 Rd8 42. Ke2 Nd4+ 43. Kd2 Ne6 44. Ke3 Re8 45. Nd6 Rd8
46. Nb5 Rb8 47. Rb4 Nc7 48. a4 Nd5+ {White resigns} 0-1

[Event "Team 45 45 League T65"]
[Site "Internet Chess Club"]
[Date "2015.07.12"]
[Round "6"]
[White "lacibacsi"]
[Black "perikitosax"]
[Result "1/2-1/2"]
[WhiteElo "2062"]
[BlackElo "1906"]
[Opening "Sicilian: closed, 6.Be3"]
[ECO "B26"]
[Time "15:43:10"]
[TimeControl "2700+45"]

1. e4 c5 2. Nc3 Nc6 3. g3 g6 4. Bg2 Bg7 5. d3 d6 6. Be3 e5 7. Qd2 Nge7 8. f4 O-O
9. Nf3 Nd4 10. O-O Rb8 11. Rf2 b5 12. Raf1 b4 13. Nd1 Qc7 14. fxe5 Nxf3+ 15.
Rxf3 Bxe5 16. Bh6 Bg7 17. Bxg7 Kxg7 18. Ne3 f5 19. Ng4 Be6 20. Qh6+ Kg8 21. Ne3
Rf7 22. g4 Qd7 23. Bh3 Rbf8 24. Kh1 fxe4 25. Rxf7 Rxf7 26. Rxf7 Bxf7 27. dxe4
Qe6 28. Qf4 Nc6 29. Nd5 Qe5 30. Qxe5 Nxe5 31. Ne7+ Kg7 32. Nc8 Bxa2 33. Nxd6 Bb1
34. c3 b3 35. g5 Bd3 36. Kg2 c4 37. Kf2 a5 38. Ke3 a4 39. Nb5 Kf7 40. Bc8 Ke7
41. Na3 Kd6 42. h4 Bf1 43. Kf2 Bd3 44. Ke3 Bf1 45. Kf2 Bd3 46. Ke3 Bf1 47. Kf2
{Game drawn by repetition} 1/2-1/2

[Event "Team 45 45 League T65"]
[Site "Internet Chess Club"]
[Date "2015.07.09"]
[Round "6"]
[White "ChessHouston"]
[Black "Dodgy"]
[Result "0-1"]
[WhiteElo "1851"]
[BlackElo "2044"]
[Opening "Sicilian: dragon, 6.Be3"]
[ECO "B72"]
[Time "02:01:44"]
[TimeControl "2700+45"]

1. e4 c5 2. Nf3 d6 3. d4 cxd4 4. Nxd4 Nf6 5. Nc3 g6 6. Be3 Bg7 7. Bc4 Nc6 8. h3
Bd7 9. Qd2 Rc8 10. g4 O-O 11. Be2 Ne5 12. Bh6 Bxh6 13. Qxh6 Rxc3 14. bxc3 Nxe4
15. Bd3 Qa5 {White resigns} 0-1

[Event "Team 45 45 League T65"]
[Site "Internet Chess Club"]
[Date "2015.07.10"]
[Round "6"]
[White "kidviper"]
[Black "willhelm"]
[Result "1-0"]
[WhiteElo "1969"]
[BlackElo "1890"]
[Opening "Danish gambit: Sorensen defense"]
[ECO "C21"]
[Time "18:03:51"]
[TimeControl "2700+45"]

1. e4 e5 2. d4 exd4 3. c3 d5 4. e5 dxc3 5. Nxc3 c6 6. Bd3 Ne7 7. Qe2 Bf5 8. Bg5
Bxd3 9. Qxd3 Qd7 10. Nf3 Na6 11. O-O Nc5 12. Qe2 Ne6 13. Rad1 Nxg5 14. Nxg5 Qf5
15. f4 h5 16. Kh1 Ng6 17. Nxd5 cxd5 18. Rxd5 Be7 19. Qb5+ Kf8 20. e6 Qc2 21.
Nxf7 Qc6 22. Nxh8 Nxh8 23. Rxh5 Kg8 24. Rxh8+ Kxh8 25. Qh5+ Kg8 26. Qf7+ Kh8 27.
Qxe7 {Black resigns} 1-0

[Event "Team 45 45 League T65"]
[Site "Internet Chess Club"]
[Date "2015.07.15"]
[Round "6"]
[White "HematiteBrown"]
[Black "jorobo"]
[Result "0-1"]
[WhiteElo "2070"]
[BlackElo "2073"]
[Opening "Ruy Lopez: closed, Keres (...Nd7) defense"]
[ECO "C96"]
[Time "08:00:52"]
[TimeControl "2700+45"]

1. e4 e5 2. Nf3 Nc6 3. Bb5 a6 4. Ba4 Nf6 5. O-O Be7 6. Re1 b5 7. Bb3 d6 8. c3
O-O 9. h3 Na5 10. Bc2 c5 11. d4 Nd7 12. a4 Rb8 13. axb5 axb5 14. Nbd2 exd4 15.
cxd4 Nc6 16. e5 cxd4 17. exd6 Bxd6 18. Ne4 Bb4 19. Nfg5 Bxe1 20. Nxh7 Bb4 21.
Qh5 Re8 22. Nhg5 Nde5 23. Qh7+ Kf8 24. f4 d3 25. fxe5 Qd4+ 26. Kh1 dxc2 27. Qh8+
Ke7 28. Qxg7 Be6 29. Nf6 Qxe5 30. Nf3 Qe2 31. Nxe8 Rxe8 32. Ng1 Qd1 33. Qg5+ Kd6
34. Bf4+ Kd7 35. Rc1 Bd6 36. Bxd6 Kxd6 37. Kh2 b4 38. Nf3 b3 39. Nd2 Kd7 40. Ne4
Kc7 41. Qf4+ Kb6 42. Nc3 Qd4 43. Qf3 Rd8 44. Kh1 Bd5 45. Qf1 Bc4 46. Qe1 Qe5 47.
Qf2+ Qd4 48. Qe1 Qe5 49. Qf2+ Kb7 50. Re1 Qd4 51. Qf3 Qd2 52. Re7+ Rd7 53. Rxd7+
Qxd7 54. Qf4 Qd1+ 55. Nxd1 cxd1=Q+ 56. Kh2 Qd4 57. Qc1 Qe5+ 58. Kh1 Qe2 59. Qf4
Qf1+ 60. Qxf1 Bxf1 61. Kg1 Bc4 62. Kf2 Kb6 63. g4 f6 64. Ke3 Kc5 65. Kf4 Nd4 66.
h4 Bd3 67. h5 Nc2 68. h6 Kd4 {White resigns} 0-1

[Event "Team 45 45 League T65"]
[Site "Internet Chess Club"]
[Date "2015.07.12"]
[Round "6"]
[White "dmarcolino"]
[Black "PuzzleMaster"]
[Result "0-1"]
[WhiteElo "1940"]
[BlackElo "2038"]
[Opening "Pirc defense"]
[ECO "B07"]
[Time "09:22:06"]
[TimeControl "2700+45"]

1. e4 d6 2. d4 Nf6 3. Nc3 g6 4. Be3 c6 5. f3 b5 6. Qd2 Nbd7 7. O-O-O b4 8. Nce2
a5 9. g4 Nb6 10. Nf4 h5 11. g5 Nfd7 12. e5 e6 13. exd6 Bxd6 14. Bd3 a4 15. Nge2
Nd5 16. Nxd5 cxd5 17. Kb1 O-O 18. Bf4 Be7 19. h4 Ba6 20. Nc1 Nb6 21. b3 axb3 22.
cxb3 Qd7 23. Bxa6 Rxa6 24. Rh2 Rc8 25. Nd3 Qb5 26. Rc1 Rxc1+ 27. Nxc1 Nc8 28.
Qd3 Qb7 29. Rc2 Rc6 30. Rxc6 Qxc6 31. Qc2 Qb7 32. Nd3 Bd6 33. Bxd6 Nxd6 34. Qc5
Nf5 35. Nxb4 Nxh4 36. a4 Nxf3 37. a5 Nd2+ 38. Kc2 Ne4 39. Qb6 Qxb6 40. axb6 Nd6
41. Kd3 Kf8 42. Ke3 Ke8 43. Kf4 Kd7 44. Ke5 h4 45. Kf4 Kc8 46. Ke5 Nf5 47. Nd3
Kb7 48. Nf4 Kxb6 49. Kf6 Nd6 50. Ke7 Ne4 51. Nh3 e5 52. dxe5 d4 53. Kxf7 d3 54.
Nf4 d2 55. Nd5+ Kc5 56. Ne3 Nxg5+ 57. Kxg6 Kd4 58. Nd1 h3 59. Kxg5 Kxe5 60. Kg4
h2 61. Nf2 h1=Q {White resigns} 0-1

[Event "Team 45 45 League T65"]
[Site "Internet Chess Club"]
[Date "2015.07.09"]
[Round "6"]
[White "ShootStraight"]
[Black "jwce4e5"]
[Result "0-1"]
[WhiteElo "1963"]
[BlackElo "1921"]
[Opening "Queen's Indian: Petrosian system"]
[ECO "E12"]
[Time "14:00:40"]
[TimeControl "2700+45"]

1. d4 Nf6 2. c4 e6 3. Nf3 b6 4. a3 Bb7 5. Nc3 d6 6. Bf4 Be7 7. e3 O-O 8. Be2
Nbd7 9. h3 h6 10. O-O a6 11. Rc1 Rb8 12. Qc2 c5 13. Rfd1 cxd4 14. exd4 Rc8 15.
b4 Bxf3 16. Bxf3 Rxc4 17. Be2 Rc7 18. Bxa6 Nd5 19. Bd2 Nxc3 20. Bxc3 Qa8 21. Bb5
Bg5 22. Ra1 Rfc8 23. Rd3 Nf6 24. Qb2 Nd5 25. Be1 Rc2 26. Qb3 Nf4 27. Rf3 Ne2+
28. Bxe2 Rxe2 29. Rc3 Rxc3 30. Qxc3 Qe4 31. a4 Rc2 32. Qb3 Bc1 33. Kh2 Qxe1 34.
Qxc2 Bf4+ 35. g3 Qxa1 36. gxf4 Qxd4 37. Qb3 Qxf2+ 38. Kh1 d5 39. Qa3 d4 40. a5
bxa5 41. bxa5 Qf1+ 42. Kh2 d3 43. a6 Qf2+ 44. Kh1 d2 {White resigns} 0-1

[Event "Team 45 45 League T65"]
[Site "Internet Chess Club"]
[Date "2015.07.11"]
[Round "6"]
[White "musk6868"]
[Black "Greedy-Reedy"]
[Result "0-1"]
[WhiteElo "1960"]
[BlackElo "1875"]
[Opening "Scandinavian (center counter) defense"]
[ECO "B01"]
[Time "12:05:22"]
[TimeControl "2700+45"]

1. e4 d5 2. exd5 Qxd5 3. Nf3 Nf6 4. d4 Bg4 5. Be2 Nc6 6. O-O O-O-O 7. c4 Qf5 8.
Be3 e5 9. d5 e4 10. Nd4 Nxd4 11. Bxd4 Bd6 12. Nc3 Rhe8 13. g3 Bh3 14. Re1 Ng4
15. c5 e3 16. f3 Be5 17. fxg4 Qf2+ 18. Kh1 Qg2# {White checkmated} 0-1

[Event "Team 45 45 League T65"]
[Site "Internet Chess Club"]
[Date "2015.07.10"]
[Round "6"]
[White "ticopatzer"]
[Black "JustinL"]
[Result "1/2-1/2"]
[WhiteElo "1715"]
[BlackElo "1925"]
[Opening "QGD: exchange variation"]
[ECO "D35"]
[Time "14:00:44"]
[TimeControl "2700+45"]

1. d4 d5 2. c4 e6 3. Nc3 Nf6 4. cxd5 exd5 5. Nf3 Bd6 6. Bg5 c6 7. Qc2 Bg4 8. h3
Bh5 9. g4 Bg6 10. Qb3 Qb6 11. Bxf6 Qxb3 12. axb3 gxf6 13. e3 Nd7 14. Kd2 h5 15.
Nh4 a6 16. Nxg6 fxg6 17. Be2 hxg4 18. hxg4 Kf7 19. Bd3 Rad8 20. Ne2 Rde8 21. Kc3
Kg7 22. Nf4 Rxh1 23. Rxh1 Bxf4 24. exf4 Nf8 25. b4 Ne6 26. f5 Nf4 27. fxg6 Nxd3
28. Kxd3 Kxg6 29. f3 Re7 30. Rh8 Kg5 31. Rh5+ Kg6 32. b3 Re1 33. Rf5 Rb1 34. Kc3
Rf1 35. Kd3 Rd1+ 36. Kc3 Rh1 37. Kd3 Rf1 38. Kc3 Ra1 39. Kd3 a5 40. b5 a4 41.
bxc6 bxc6 42. bxa4 Rxa4 43. Rh5 Ra3+ 44. Ke2 Rc3 {Game drawn by mutual
agreement} 1/2-1/2

[Event "Team 45 45 League T65"]
[Site "Internet Chess Club"]
[Date "2015.07.08"]
[Round "6"]
[White "kidcobra"]
[Black "rayonline53"]
[Result "1-0"]
[WhiteElo "1888"]
[BlackElo "1505"]
[Opening "QGD: semi-Slav"]
[ECO "D31"]
[Time "18:00:49"]
[TimeControl "2700+45"]

1. d4 d5 2. c4 e6 3. Nc3 c6 4. Nf3 Be7 5. e4 dxe4 6. Nxe4 Nf6 7. Bd3 Nbd7 8.
Nxf6+ Nxf6 9. O-O O-O 10. h3 c5 11. dxc5 Bxc5 12. Be3 Bxe3 13. fxe3 Qb6 14. Qe2
Bd7 15. b3 Bc6 16. Ne5 Rad8 17. Rad1 Be4 18. Bxe4 Nxe4 19. Nd7 Rxd7 20. Rxd7 Ng3
21. Qf3 Nxf1 22. Kxf1 Qa5 23. a4 b6 24. Qd1 h6 25. Rd8 Rxd8 26. Qxd8+ Kh7 27.
Qd3+ Kg8 28. Kf2 Qe5 29. Qc2 Kf8 30. Qd2 Ke7 31. b4 Qa1 32. a5 bxa5 33. bxa5 Qe5
34. Qb4+ Kd7 35. c5 Kc6 36. a6 Qxc5 37. Qb7+ Kd6 38. Qxf7 Qf5+ 39. Qxf5 exf5 40.
Kf3 Kc6 41. Kf4 g6 42. h4 Kb6 43. h5 g5+ 44. Kxf5 Kxa6 45. Kg6 Kb5 46. Kxh6 a5
47. Kg6 a4 48. h6 a3 49. h7 {Black resigns} 1-0

[Event "Team 45 45 League T65"]
[Site "Internet Chess Club"]
[Date "2015.07.09"]
[Round "6"]
[White "losscause"]
[Black "MartyJR"]
[Result "1-0"]
[WhiteElo "1624"]
[BlackElo "1474"]
[Opening "Grob's attack"]
[ECO "A00"]
[Time "20:04:41"]
[TimeControl "2700+45"]

1. g4 d5 2. h3 h6 3. Nf3 Nf6 4. Bg2 e6 5. O-O Bd6 6. d4 O-O 7. Re1 c5 8. c3 Nc6
9. Qc2 Qb6 10. Be3 cxd4 11. Nxd4 Nxd4 12. Bxd4 Bc5 13. Bxc5 Qxc5 14. Qd2 Rb8 15.
Na3 b5 16. Rec1 a6 17. g5 hxg5 18. Qxg5 Ne4 19. Bxe4 f6 20. Qh5 f5 21. Bg2 Rf6
22. Nc2 Rh6 23. Qf3 Bb7 24. Qe3 Qe7 25. Nd4 e5 26. Nxf5 Qf6 27. Nxh6+ {Black
resigns} 1-0